 Dungeon Crawl Stone Soup version 0.30-a0-29-g142975f185 (webtiles) character file.

Game seed: 12283335110784062727

20262 frimble the Fighter (level 12, -1/99 HPs)
             Began as a Demonspawn Air Elementalist on Aug 27, 2022.
             Was a High Priest of Cheibriados.
             Slain by an eight-headed hydra (5 damage)
             ... on level 2 of the Lair of Beasts.
             The game lasted 00:17:28 (11168 turns).

frimble the Fighter (Demonspawn Air Elementalist)  Turns: 11168, Time: 00:17:28

Health: -1/99      AC: 11    Str: 24    XL:     12   Next: 43%
Magic:  18/18      EV: 24    Int: 30    God:    Cheibriados [*****.]
Gold:   1604       SH:  0    Dex: 30    Spells: 14/15 levels left

rFire   + + .      SeeInvis .    h - +10 dagger "Killer Bee's Regret" {elec, Will++ rCorr Int-2 Stlth+}
rCold   + . .      Faith    .    (no shield)
rNeg    + . .      Spirit   .    A - +0 steam dragon scales
rPois   +          Reflect  .    (no helmet)
rElec   .          Harm     .    x - scarf {rC+ rF+}
rCorr   +          Rampage  .    (no gloves)
Will    ++...                    D - +1 pair of boots
Stlth   +++++.....               d - amulet of regeneration
HPRegen 1.06/turn                o - ring of positive energy
MPRegen 0.32/turn                B - ring of protection from fire

@: agile, very slow
A: claws 2, slimy green scales 3, powered by pain 1, magic regeneration
a: Renounce Religion, Bend Time, Temporal Distortion, Slouch, Step From Time


You were on level 2 of the Lair of Beasts.
You worshipped Cheibriados.
Cheibriados was extremely pleased with you.
You visited 3 branches of the dungeon, and saw 13 of its levels.
You also visited: Ossuary.

You collected 1643 gold pieces.
You spent 39 gold pieces at shops.

Inventory:

Hand Weapons
 b - a +0 long sword of flaming
 h - the +10 dagger "Killer Bee's Regret" (weapon) {elec, Will++ rCorr Int-2 Stlth+}
   (You found it on level 6 of the Dungeon)

   It occasionally discharges a powerful burst of electricity upon striking a
   foe.
   Int:       It affects your intelligence (-2).
   rCorr:     It protects you from acid and corrosion.
   Will:      It greatly increases your willpower.
   Stlth:     It makes you more stealthy.
 k - a +3 vorpal scimitar
Missiles
 E - 4 throwing nets
Armour
 x - a scarf of resistance (worn)
 A - +0 steam dragon scales (worn)
 D - a +1 pair of boots (worn)
Jewellery
 a - a +6 ring of strength
 d - an amulet of regeneration (around neck)
 i - a ring of flight
 o - a ring of positive energy (left claw)
 y - a ring of ice
 B - a ring of protection from fire (right claw)
Wands
 n - a wand of digging (16)
 u - a wand of light (4)
Scrolls
 c - a scroll of poison
 j - 3 scrolls of noise
 m - 2 scrolls of amnesia
 q - a scroll of enchant armour
 r - 2 scrolls of fear
 v - 2 scrolls of magic mapping
 w - 2 scrolls of teleportation
 z - 8 scrolls of identify
Potions
 e - 6 potions of curing
 f - 2 potions of magic
 g - 6 potions of haste
 l - 2 potions of flight
 p - a potion of invisibility
 s - 3 potions of mutation
 t - 2 potions of heal wounds
 C - a potion of cancellation {unknown}
 F - a potion of degeneration {unknown}
 G - a potion of berserk rage


   Skills:
 + Level 10.8 Fighting
 - Level 10.0 Short Blades
 + Level 7.1 Dodging
 - Level 5.5 Stealth
 - Level 4.9 Unarmed Combat
 - Level 2.0 Spellcasting
 - Level 1.0 Conjurations
 - Level 2.6 Air Magic
 + Level 9.0 Invocations
 + Level 6.5 Evocations


You had 14 spell levels left.
You knew the following spells:

 Your Spells              Type           Power      Damage    Failure   Level
a - Shock                 Conj/Air       56%        1d6       3%          1

Your spell library contained the following spells:

 Spells                   Type           Power      Damage    Failure   Level
 Static Discharge         Conj/Air       28%        3-5/arc   5%          2
 Apportation              Tloc           6%         N/A       8%          1
 Freeze                   Ice            12%        1d4       8%          1
 Swiftness                Air            19%        N/A       8%          3
 Frozen Ramparts          Ice            6%         1d1       24%         3
 Gell's Gravitas          Tloc           3%         N/A       24%         3
 Lesser Beckoning         Tloc           3%         N/A       24%         3
 Teleport Other           Tloc           3%         N/A       24%         3
 Airstrike                Air            9%         2d(2-18)  26%         4
 Fulminant Prism          Conj/Hex       3%         3d6       54%         4
 Hailstorm                Conj/Ice       6%         3d4       54%         4
 Iskenderun's Mystic Bla  Conj/Tloc      6%         2d4       54%         4
 Alistair's Intoxication  Tmut/Pois      2%         N/A       91%         5
 Lee's Rapid Deconstruct  Erth           1%         3d5*      91%         5
 Conjure Ball Lightning   Conj/Air       7%         3x3d6     99%         6
 Discord                  Hex            1%         N/A       100%        8
 Disjunction              Tloc           1%         N/A       100%        8


Dungeon Overview and Level Annotations

Branches:
Dungeon (10/15)            Temple (1/1) D:6            Lair (2/5) D:10
Ossuary (visited)
  Swamp: Lair:2-3    Shoals: Lair:2-3     Snake: Lair:2-3    Spider: Lair:2-3
    Orc: D:9-12

Altars:
Ashenzari
Cheibriados
Dithmenos
Fedhas
Gozag
Hepliaklqana
Kikubaaqudgha
Makhleb
Nemelex Xobeh
Okawaru
Qazlal
Ru
Sif Muna
Trog
Uskayaw
Vehumet
Xom
Yredelemnul

Shops:
D:3 :*   D:5 !

Annotations:
D:6 2 transporters, exclusion: orc warrior, timneilson's ghost, novice GrFi
D:7 2 transporters
Lair:2 1 runed translucent door, greasedhog's ghost, journeyman GrFi


Innate Abilities, Weirdness & Mutations

You have very sharp fingernails.
You are completely covered in slimy green scales. (AC +4, rPois)
You sometimes gain a little power by taking damage.
You regenerate magic rapidly.


Message History

The eight-headed hydra barely misses you.
You are too injured to fight recklessly!
You are too injured to fight recklessly!
You are too injured to fight recklessly!
You are too injured to fight recklessly!
You are too injured to fight recklessly!
You are too injured to fight recklessly!
You are too injured to fight recklessly!
You are too injured to fight recklessly!
You are too injured to fight recklessly!
You are too injured to fight recklessly!
You are too injured to fight recklessly!
You puncture the eight-headed hydra!
Lightning courses through the eight-headed hydra!
The eight-headed hydra is heavily wounded.
You puncture the eight-headed hydra!
The eight-headed hydra is heavily wounded.
A water moccasin comes into view.
The eight-headed hydra misses you.
The eight-headed hydra closely misses you.
The eight-headed hydra bites you.
The eight-headed hydra closely misses you.
The eight-headed hydra bites you!
* * * LOW HITPOINT WARNING * * *
The eight-headed hydra bites you.
* * * LOW HITPOINT WARNING * * *
The eight-headed hydra closely misses you.
The eight-headed hydra misses you.
The water moccasin hisses angrily.
You puncture the eight-headed hydra!
The eight-headed hydra is severely wounded.
You puncture the eight-headed hydra!
Lightning courses through the eight-headed hydra!
The eight-headed hydra is almost dead.
The eight-headed hydra misses you. The eight-headed hydra bites you!
* * * LOW HITPOINT WARNING * * *
The eight-headed hydra misses you.
The eight-headed hydra bites you but does no damage.
The eight-headed hydra misses you. The eight-headed hydra bites you.
You die...

..†.#..#.#†.#......#....#.##
#.##..†††.†...)....>.......#
.......<..............[....##
..........###.P.P##.P......)#
.........## ##......#......#
............###.#..........##
.##..................#....##
##.....#.P##.........##....#
#....P#####....D@.........######
##...## ......##.##......)....#
.P ###.. #######..#.....## #S
##...†...P# .. ##...##### ..
##...# . #....# #..(## #...#


You could see an eight-headed hydra and a water moccasin.

Vanquished Creatures
  Fannar (D:10)
  A hydra (Lair:2)
  A boulder beetle (D:9)
  Harold (Lair:1)
  2 two-headed ogres
  5 elephants (Lair:1)
  Maurice (D:8)
  A black mamba (Lair:2)
  Psyche (D:8)
  Maggie (D:10)
  3 cane toads (Lair:1)
  5 komodo dragons
  A kobold demonologist (D:10)
  3 hornets
  4 wyverns
  16 yaks
  4 vampire mosquitoes (D:10)
  A steam dragon (D:6)
  Grum (Lair:1)
  Menkaure (D:5)
  10 water moccasins
  3 sky beasts
  5 black bears
  2 ice beasts (D:6)
  8 orc warriors
  8 wolves
  2 centaurs
  2 ogres (D:5)
  2 kobold brigands
  A necrophage (D:5)
  4 scorpions
  10 bullfrogs
  3 water moccasin zombies (Ossuary)
  11 wights
  13 killer bees (D:9)
  4 howler monkeys
  Crazy Yiuf (D:6)
  2 hounds
  2 jellies
  An iron imp (D:8)
  4 orc priests
  A gnoll bouda (D:8)
  An iguana (D:6)
  8 orc wizards
  2 mummies (Ossuary)
  8 gnolls
  6 adders
  2 shadow imps
  A white imp (D:7)
  An ufetubus (D:7)
  3 adder zombies (Ossuary)
  4 worms
  3 dart slugs
  31 orcs
  9 ball pythons
  2 endoplasms
  3 giant cockroaches
  3 gnoll zombies (Ossuary)
  4 hobgoblins
  12 jackals
  12 kobolds
  A quokka (D:2)
  6 bats
  2 frilled lizards (D:1)
  8 goblins
  8 hobgoblin zombies (Ossuary)
  6 kobold zombies (Ossuary)
  6 orc zombies (Ossuary)
  6 rats
  A spectral orc (D:5)
312 creatures vanquished.

Vanquished Creatures (others)
  An orc (D:8)
  20 fungi
  39 plants
  A withered plant (Lair:2)
61 creatures vanquished.

Grand Total: 373 creatures vanquished

Notes
Turn   | Place    | Note
-------+----------+-------------------------------------------
     0 | D:1      | frimble the Demonspawn Air Elementalist began the quest for
                  | the Orb.
     0 | D:1      | Reached XP level 1. HP: 13/13 MP: 3/3
   573 | D:1      | Reached skill level 1 in Short Blades
   973 | D:1      | Gained mutation: You are partially covered in slimy green
                  | scales. (AC +2) [demonic ancestry]
   973 | D:1      | Reached XP level 2. HP: 17/19 MP: 5/5
  1837 | D:2      | Reached XP level 3. HP: 24/24 MP: 6/6
  2806 | D:3      | Found Xarij's General Store.
  2852 | D:3      | Gained mutation: You have sharp fingernails. [demonic
                  | ancestry]
  2852 | D:3      | Reached XP level 4. HP: 30/30 MP: 7/7
  2880 | D:3      | Identified the +3 leather armour of the Raven {Harm Rampage
                  | rCorr}
  3296 | D:3      | Found a hide-covered altar of Uskayaw.
  3558 | D:3      | Found Nothrat's Book Boutique.
  3607 | D:4      | Found a radiant altar of Vehumet.
  3828 | D:4      | Reached skill level 1 in Fighting
  3828 | D:4      | Gained mutation: You are mostly covered in slimy green
                  | scales. (AC +3) [demonic ancestry]
  3828 | D:4      | Reached XP level 5. HP: 30/38 MP: 8/8
  3879 | D:4      | Found a sparkling altar of Nemelex Xobeh.
  4146 | D:4      | Found a sand-covered staircase.
  4152 | Ossuary  | Entered an ossuary
  4228 | Ossuary  | Gained mutation: You are completely covered in slimy green
                  | scales. (AC +4, rPois) [demonic ancestry]
  4228 | Ossuary  | Reached XP level 6. HP: 47/48 MP: 9/9
  4608 | D:5      | Entered Level 5 of the Dungeon
  4689 | D:5      | Found Wupnani's Distillery.
  4697 | D:5      | Bought a potion of attraction for 39 gold pieces
  4716 | D:5      | Reached skill level 5 in Fighting
  4844 | D:5      | Reached XP level 7. HP: 38/57 MP: 4/10
  4987 | D:5      | Noticed Menkaure
  5012 | D:5      | Killed Menkaure
  5077 | D:5      | Reached skill level 1 in Unarmed Combat
  5322 | D:5      | Found a basalt altar of Yredelemnul.
  5540 | D:5      | Reached XP level 8. HP: 64/67 MP: 11/11
  5786 | D:6      | Found a transporter.
  5801 | D:6      | Found a transporter.
  5805 | D:6      | Noticed timneilson's ghost (novice GrFi)
  5841 | D:6      | Identified the +10 dagger "Killer Bee's Regret" {elec,
                  | Will++ rCorr Int-2 Stlth+}
  5962 | D:6      | Reached skill level 5 in Short Blades
  6031 | D:6      | Found a staircase to the Ecumenical Temple.
  6077 | D:6      | Found a runed translucent door.
  6078 | D:6      | Noticed Crazy Yiuf
  6413 | D:6      | Killed Crazy Yiuf
  6455 | Temple   | Entered the Ecumenical Temple
  6645 | Temple   | Became a worshipper of Cheibriados the Contemplative
  6720 | D:7      | Found a blossoming altar of Fedhas.
  6773 | D:7      | Gained mutation: You sometimes gain a little power by
                  | taking damage. [demonic ancestry]
  6773 | D:7      | Reached XP level 9. HP: 46/72 MP: 12/12
  6809 | D:7      | Reached skill level 5 in Stealth
  6857 | D:7      | Found a transporter.
  6869 | D:7      | Noticed a kobold demonologist
  6912 | D:7      | Found a transporter.
  7075 | D:7      | Found a shimmering blue altar of Sif Muna.
  7083 | D:7      | Found an opulent altar of Gozag.
  7117 | D:7      | Noticed a kobold demonologist
  7249 | D:7      | Found a broken altar of Ashenzari.
  7285 | D:7      | Reached * piety under Cheibriados
  7654 | D:8      | Noticed Psyche
  7664 | D:8      | Killed Psyche
  7743 | D:8      | Noticed Maurice
  7767 | D:8      | Killed Maurice
  7826 | D:8      | Found a burning altar of Makhleb.
  8037 | D:8      | Reached ** piety under Cheibriados
  8038 | D:8      | Reached skill level 5 in Dodging
  8038 | D:8      | Gained mutation: You have very sharp fingernails. [demonic
                  | ancestry]
  8038 | D:8      | Reached XP level 10. HP: 76/79 MP: 13/13
  8539 | D:9      | Reached *** piety under Cheibriados
  8599 | D:9      | Noticed a two-headed ogre
  8612 | D:9      | Killed a two-headed ogre
  8776 | D:9      | Reached skill level 10 in Short Blades
  8779 | D:9      | Reached skill level 1 in Evocations
  8807 | D:9      | Noticed a boulder beetle
  8822 | D:9      | Killed a boulder beetle
  9222 | D:9      | Reached skill level 5 in Evocations
  9267 | D:10     | Entered Level 10 of the Dungeon
  9302 | D:10     | Reached XP level 11. HP: 78/86 MP: 14/14
  9368 | D:10     | Reached **** piety under Cheibriados
  9379 | D:10     | Noticed a two-headed ogre
  9386 | D:10     | Killed a two-headed ogre
  9425 | D:10     | Noticed Fannar
  9428 | D:10     | Killed Fannar
  9532 | D:10     | Found a staircase to the Lair.
  9542 | D:10     | Reached skill level 1 in Invocations
  9662 | D:10     | Noticed Maggie
  9667 | D:10     | Killed Maggie
  9668 | D:10     | Reached skill level 10 in Fighting
  9998 | Lair:1   | Entered Level 1 of the Lair of Beasts
 10005 | Lair:1   | Noticed Grum
 10016 | Lair:1   | Killed Grum
 10017 | Lair:1   | Reached skill level 5 in Invocations
 10060 | Lair:1   | Reached ***** piety under Cheibriados
 10099 | Lair:1   | Noticed Harold
 10105 | Lair:1   | Killed Harold
 10501 | Lair:1   | Gained mutation: You regenerate magic rapidly. [demonic
                  | ancestry]
 10501 | Lair:1   | Reached XP level 12. HP: 97/97 MP: 17/17
 10910 | Lair:1   | Identified a scroll of acquirement
 10910 | Lair:1   | Acquired 948 gold pieces
 11087 | Lair:2   | Found a runed translucent door.
 11087 | Lair:2   | Noticed greasedhog's ghost (journeyman GrFi)
 11095 | Lair:2   | Noticed a five-headed hydra
 11102 | Lair:2   | Killed a five-headed hydra
 11106 | Lair:2   | Identified the +9 war axe of Oenomania {freeze, rC- Will+++
                  | Dex-4 SInv}
 11160 | Lair:2   | Noticed an eight-headed hydra
 11168 | Lair:2   | HP: 4/99 [eight-headed hydra (11)]
 11168 | Lair:2   | Slain by an eight-headed hydra

Illustrated notes

Levels and vault maps discovered:
D:1:      lemuel_arrival_muddy, layout_loops_ring, nicolae_figureground_sparkle
D:2:      layout_basic, minmay_misc_feat_rugged
D:3:      layout_loops_cross, pdpol_wu_jian_five_deadly_venoms,
          nicolae_uskayaw_suspiria, shapermc_ecumenical_altar_mp_ritualfount,
          serial_shops, shop, nicolae_diamond_shop, shop, shop,
          kennysheep_cross_room
D:4:      layout_gridville, elyvilon_altar_4, nicolae_vehumet_altar_sigil,
          nemelex_spade_bored_becter, enter_ossuary_2
D:5:      layout_basic, yredelemnul_forgotten_temple_becter, serial_shops,
          nicolae_diamond_shop, amcnicky_mini_rare_corridor_liquid,
          nicolae_fountain_basement, uniq_menkaure
D:6:      layout_cave_pools, temple_doors_ab, gammafunk_ghost_stat_death,
          minmay_circle_x, uniq_crazy_yiuf_cottage
D:7:      gammafunk_wand_slinger, layout_cave_pools, fedhas_ov_isle_minmay,
          evilmike_ruin_ashenzari, mainiacjoe_overflow_big_doors
D:8:      layout_gridville, makhleb_grotto_becter, uniq_psyche, uniq_maurice
D:9:      layout_irregular_city
D:10:     layout_basic, due_lair_maze_entry_diamond, serial_curves,
          eino_curves_02, eino_curves_03, uniq_maggie, uniq_fannar
Temple:   minmay_temple_curvy_loop
Lair:1:   layout_roguey, small_statue_intersection, uniq_harold, uniq_grum
Lair:2:   layout_misc_corridors, minmay_snake_entry_six_corridors,
          gammafunk_ghost_grave

Skill      XL: |  1  2  3  4  5  6  7  8  9 10 11 12 |
---------------+-------------------------------------+-----
Short Blades   | 1 2 6 8 10 | 10.0
Stealth        | 2 3 4 5 |  5.5
Fighting       | 1 4 5 7 10 | 10.8
Unarmed Combat | 2 3 4 |  4.9
Dodging        | 5 6 7 |  7.1
Evocations     | 5 6 |  6.5
Invocations    | 7 9 |  9.0
Spellcasting   | |  2.0
Conjurations   | |  1.0
Air Magic      | |  2.6

Action                   |  1- 3 |  4- 6 |  7- 9 | 10-12 || total
-------------------------+-------+-------+-------+-------++-------
Melee: Dagger            |   223 |    57 |   191 |   523 ||   994
       Scimitar          |       |   132 |    67 |       ||   199
       Punch             |       |     4 |     6 |    21 ||    31
 Fire: Sling             |     4 |       |       |       ||     4
 Cast: Shock             |    40 |    44 |     6 |     8 ||    98
Evoke: Wand              |       |       |       |     3 ||     3
  Use: Scroll            |     4 |     9 |     4 |     7 ||    24
       Potion            |       |     1 |     3 |       ||     4
 Stab: Sleeping          |     4 |     6 |    11 |    11 ||    32
       Distracted        |       |       |     2 |       ||     2
       Invisible         |       |       |       |     2 ||     2
Armor: Robe              |    90 |    69 |    51 |       ||   210
       Skin              |       |       |    11 |       ||    11
       Steam dragon scal |       |       |    38 |   113 ||   151
Dodge: Dodged            |   166 |   107 |   128 |   407 ||   808

Table legend: (Time is in decaauts)
 A = Elapsed time spent in this place.
 B = Non-inter-level travel time spent in this place.
 C = Inter-level travel time spent in this place.
 D = Time resting spent in this place.
 E = Time spent auto-exploring this place.
 F = Levels seen in this place.
 G = Mean time per level.
                   A        B        C        D        E       F      G
               +--------+--------+--------+--------+--------+-----+--------+
         Total |  12781 |  12229 |    552 |    135 |   9442 |  14 |  912.9 |
       Dungeon |  10512 |  10040 |    472 |      3 |   7903 |  10 | 1051.2 |
        Temple |    219 |    155 |     64 |      0 |    149 |   1 |  219.0 |
          Lair |   1711 |   1696 |     15 |     32 |   1312 |   2 |  855.5 |
       Ossuary |    338 |    338 |      0 |    100 |     77 |   1 |  338.0 |
               +--------+--------+--------+--------+--------+-----+--------+

Top non-repeatable levels by time:
     D:1: 1617 daAuts
  Lair:1: 1466 daAuts
     D:9: 1303 daAuts
     D:5: 1172 daAuts
     D:2: 1097 daAuts
    D:10: 1095 daAuts
     D:8: 1049 daAuts
     D:7: 876 daAuts
     D:3: 853 daAuts
     D:6: 732 daAuts
     D:4: 715 daAuts
 Ossuary: 338 daAuts
  Lair:2: 245 daAuts
  Temple: 219 daAuts
